 Dungeon Crawl Stone Soup version 0.24.0-29-g8ce449bc06 (webtiles) character file.

Game seed: 527878362933110422, levelgen mode: deterministic

15167 Flugslaktarn the Cleaver (level 11, -5/100 HPs)
             Began as a Minotaur Fighter on Nov 15, 2019.
             Was a High Priest of Cheibriados.
             Killed from afar by Josephine (12 damage)
             ... with a ghostly fireball
             ... on level 2 of the Orcish Mines.
             The game lasted 00:06:56 (13572 turns).

Flugslaktarn the Cleaver (Minotaur Fighter)        Turns: 13572, Time: 00:06:56

Health: -5/100     AC: 18    Str: 36    XL:     11   Next: 98%
Magic:  0/15       EV: 11    Int: 17    God:    Cheibriados [*****.]
Gold:   987        SH: 17    Dex: 28    Spells: 10/10 levels left

rFire    . . .     SeeInvis .   T - +1 war axe (elec)
rCold    . . .     Gourm    .   c - +0 shield
rNeg     . . .     Faith    .   p - +0 plate armour
rPois    .         Spirit   .   (helmet restricted)
rElec    .         Reflect  +   A - +0 cloak
rCorr    +         Harm     .   b - +0 pair of gloves
MR       .....                  E - +0 pair of boots
Stlth    ..........             H - +2 amulet of reflection
HPRegen  0.26/turn              f - +6 ring of dexterity
MPRegen  0.14/turn              k - ring of resist corrosion

@: lightly drained, very slow
A: retaliatory headbutt, horns 2
a: Bend Time, Temporal Distortion, Slouch, Step From Time, Renounce Religion


You were on level 2 of the Orcish Mines.
You worshipped Cheibriados.
Cheibriados was extremely pleased with you.
You were very hungry.

You visited 3 branches of the dungeon, and saw 14 of its levels.

You collected 987 gold pieces.

Inventory:

Hand Weapons
 T - a +1 war axe of electrocution (weapon)
   (You took it off an orc on level 11 of the Dungeon)
Missiles
 N - 2 throwing nets (quivered)
Armour
 b - a +0 pair of gloves (worn)
   (You found it on level 9 of the Dungeon)
 c - a +0 shield (worn)
 p - a +0 plate armour (worn)
   (You took it off an orc warrior on level 8 of the Dungeon)
 A - a +0 cloak (worn)
   (You took it off Crazy Yiuf on level 3 of the Dungeon)
 E - a +0 pair of boots (worn)
   (You found it on level 5 of the Dungeon)
Jewellery
 f - a +6 ring of dexterity (left hand)
   (You found it on level 2 of the Dungeon)
 k - a ring of resist corrosion (right hand)
   (You found it on level 4 of the Dungeon)
 u - an uncursed ring of ice
   (You found it on level 3 of the Dungeon)
 x - an uncursed ring of fire
   (You found it on level 5 of the Dungeon)
 y - an uncursed ring of fire
   (You found it on level 4 of the Dungeon)
 C - a cursed ring of attention {unknown}
   (You found it on level 11 of the Dungeon)
 H - a +2 amulet of reflection (around neck)
   (You found it on level 6 of the Dungeon)
Wands
 J - a wand of iceblast (9)
   (You found it on level 6 of the Dungeon)
 K - a wand of enslavement (6)
   (You found it on level 8 of the Dungeon)
Scrolls
 g - a scroll of fear
 i - 2 scrolls of fog
 j - 5 scrolls of remove curse
 o - 2 scrolls of magic mapping
 r - 2 scrolls of identify
 t - a scroll of teleportation
 z - 2 scrolls of blinking
 G - a scroll of enchant weapon
 M - a scroll of brand weapon {unknown}
 O - a scroll of immolation {unknown}
 P - a scroll of summoning {unknown}
 Q - 3 scrolls of enchant armour {unknown}
 R - a scroll of random uselessness {unknown}
 S - 3 scrolls of vulnerability {unknown}
Potions
 d - a potion of might
 h - 4 potions of haste
 l - 4 potions of cancellation
 m - a potion of degeneration
 n - 3 potions of resistance
 q - 7 potions of curing
 s - 2 potions of brilliance
 v - a potion of magic
 w - a potion of heal wounds
 B - a potion of ambrosia
 D - 2 potions of flight
 F - a potion of lignification
 I - a potion of experience {unknown}
 L - 3 potions of berserk rage {unknown}
Comestibles
 e - 22 rations


   Skills:
 + Level 10.3(9.7) Fighting
 * Level 13.2(12.6) Axes
 + Level 10.2(9.6) Armour
 + Level 4.4(4.0) Dodging
 + Level 10.2(9.6) Shields
 + Level 6.9(6.4) Invocations


You had 10 spell levels left.
You didn't know any spells.
Your spell library was empty.

Dungeon Overview and Level Annotations

Branches:
Dungeon (11/15)            Temple (1/1) D:5            Lair (0/6) D:11
    Orc (2/2) D:11
    Elf: Orc:2

Altars:
Ashenzari
Cheibriados
Dithmenos
Elyvilon
Fedhas
Gozag
Hepliaklqana
Kikubaaqudgha
Makhleb
Nemelex Xobeh
Okawaru
Qazlal
Ru
Sif Muna
Trog
Uskayaw
Vehumet
Wu Jian
Xom
Yredelemnul
Zin
The Shining One
Lugonu

Shops:
D:5 =   D:9 }

Annotations:
D:7 2 transporters
D:9 4 runed translucent doors
Orc:2 Josephine


Innate Abilities, Weirdness & Mutations

You reflexively headbutt those who attack you in melee.
You have a pair of horns on your head.


Message History

You barely miss Josephine. You headbutt Josephine!
Josephine is severely wounded.
Josephine hits you with a +0 dagger.
* * * LOW HITPOINT WARNING * * *
You slash Josephine!
Josephine is almost dead.
A troll comes into view.
Josephine grins malevolently.
Josephine is infused with unholy energy.
* * * LOW HITPOINT WARNING * * *
Josephine draws life force from you and is healed!
Evoke which item? (* to show all) (? for menu, Esc to quit)
Okay, then.
You can feel time thicken for a moment.
You are feeling very hungry.
Cheibriados lowers the support of your attributes as your movement quickens.
The troll shouts!
Josephine points at you and mumbles some strange words.
The ghostly flame explodes!
The ghostly fireball engulfs you!
You feel drained.
You die...

....... ##
#..#..... ##..
##......$.###....
#...#.$..#.#...$.
##...........$..#
#.#.....)).......
.........)@......
......).)@)......
........)))......
.......<.........
..#..............
.................
.......#....#....
......$#.T....$..
<$.............#.
...............


You could see Josephine and a troll.

Vanquished Creatures
  Snorg (D:11)
  2 two-headed ogres
  Nergalle (D:11)
  An orc knight (Orc:1)
  The ghost of Ratty the Skirmisher, a novice MiFi (D:5)
  A gargoyle (D:11)
  2 trolls
  A hippogriff (D:7)
  A vampire (D:11)
  A spriggan (D:8)
  5 wraiths (Orc:2)
  5 yaks
  2 hungry ghosts
  A steam dragon (D:9)
  Edmund (D:4)
  Menkaure (D:4)
  Duvessa (D:7)
  A water moccasin (D:7)
  5 wargs
  9 orc warriors
  2 porcupines (D:11)
  4 black bears
  3 ice beasts
  A hornet zombie (D:10)
  A sky beast (D:8)
  A necrophage (D:10)
  12 ogres
  4 phantoms
  5 centaurs
  2 big kobolds
  8 bullfrogs
  Blork the orc (D:6)
  Dowan (D:7)
  3 scorpions
  5 killer bees (D:9)
  4 wights (D:11)
  2 electric eels (D:10)
  6 crimson imps
  A quasit (D:11)
  4 bullfrog zombies
  7 jellies
  2 centaur skeletons
  5 gnoll shamans (D:8)
  5 orc priests
  3 bullfrog skeletons
  6 hounds
  6 orc wizards
  Crazy Yiuf (D:3)
  9 iguanas
  Natasha (D:4)
  5 worker ants
  2 hound zombies
  2 hound skeletons
  13 gnolls
  14 adders
  3 shadow imps
  3 adder zombies
  7 adder skeletons
  2 worms
  4 leopard geckos
  44 orcs
  6 bats
  3 giant cockroaches
  7 goblins
  9 hobgoblins
  12 jackals
  3 quokkas
  3 ball pythons
  5 frilled lizards
  A jackal skeleton (D:7)
  20 kobolds
  6 rats
  A fungus (D:11)
  A plant (D:11)
334 creatures vanquished.

Vanquished Creatures (others)
  An orc warrior (Orc:1)
  A centaur (D:8)
  47 fungi (D:11)
  20 plants
69 creatures vanquished.

Grand Total: 403 creatures vanquished

Notes
Turn   | Place    | Note
-------+----------+-------------------------------------------
     0 | D:1      | Flugslaktarn the Minotaur Fighter began the quest for the
                  | Orb.
     0 | D:1      | Reached XP level 1. HP: 19/19 MP: 0/0
    75 | D:1      | Reached skill level 3 in Axes
    75 | D:1      | Reached XP level 2. HP: 7/27 MP: 1/1
   778 | D:1      | Reached XP level 3. HP: 33/33 MP: 2/2
  1641 | D:2      | Reached XP level 4. HP: 40/40 MP: 3/3
  2091 | D:3      | Reached skill level 4 in Axes
  2100 | D:3      | Reached XP level 5. HP: 34/47 MP: 4/4
  2305 | D:3      | Found a runed translucent door.
  2306 | D:3      | Noticed Crazy Yiuf
  2866 | D:3      | Paralysed by Crazy Yiuf for 2 turns
  2870 | D:3      | Killed Crazy Yiuf
  3196 | D:4      | Noticed Edmund
  3217 | D:4      | Killed Edmund
  3217 | D:4      | Reached skill level 5 in Axes
  3217 | D:4      | Reached XP level 6. HP: 24/55 MP: 5/5
  3348 | D:4      | Reached skill level 5 in Fighting
  3439 | D:4      | Reached skill level 5 in Armour
  3592 | D:4      | Reached skill level 5 in Shields
  3638 | D:4      | Noticed Menkaure
  3641 | D:4      | Killed Menkaure
  3641 | D:4      | Reached skill level 6 in Axes
  3658 | D:4      | Reached XP level 7. HP: 22/61 MP: 6/6
  3861 | D:4      | Found a sparkling altar of Nemelex Xobeh.
  3958 | D:4      | Found an iron altar of Okawaru.
  4012 | D:4      | Found a glowing golden altar of the Shining One.
  4094 | D:4      | Noticed Natasha
  4102 | D:4      | Killed Natasha
  4460 | D:5      | Entered Level 5 of the Dungeon
  4606 | D:5      | Reached skill level 7 in Axes
  4752 | D:5      | Found a staircase to the Ecumenical Temple.
  4836 | Temple   | Entered the Ecumenical Temple
  5023 | Temple   | Became a worshipper of Cheibriados the Contemplative
  5051 | D:5      | Reached XP level 8. HP: 66/70 MP: 7/7
  5097 | D:5      | Found Oghehac's Jewellery Emporium.
  5214 | D:5      | Found a shadowy altar of Dithmenos.
  5379 | D:5      | Found a runed translucent door.
  5415 | D:5      | Noticed Ratty's ghost (novice MiFi)
  5475 | D:5      | Reached skill level 1 in Invocations
  5546 | D:5      | Killed Ratty's ghost
  5546 | D:5      | Reached skill level 8 in Axes
  5862 | D:6      | Found a shadowy altar of Dithmenos.
  6081 | D:6      | Noticed Blork the orc
  6086 | D:6      | Killed Blork the orc
  6202 | D:6      | Found a blossoming altar of Fedhas.
  6225 | D:6      | Found an ancient bone altar of Kikubaaqudgha.
  6385 | D:6      | Reached * piety under Cheibriados
  6611 | D:7      | Found a corrupted altar of Lugonu.
  6611 | D:7      | Noticed a white ugly thing
  6612 | D:7      | Noticed a brown ugly thing
  6612 | D:7      | Noticed a purple ugly thing
  6696 | D:7      | Found a transporter.
  6697 | D:7      | Found a transporter.
  6734 | D:7      | Reached skill level 9 in Axes
  6734 | D:7      | Reached XP level 9. HP: 58/79 MP: 10/10
  7407 | D:7      | Noticed Duvessa
  7416 | D:7      | Killed Duvessa
  7419 | D:7      | Noticed Dowan
  7427 | D:7      | Killed Dowan
  7682 | D:8      | Reached ** piety under Cheibriados
  7690 | D:8      | Reached skill level 10 in Axes
  8054 | D:8      | Found a hide-covered altar of Uskayaw.
  8213 | D:8      | Reached XP level 10. HP: 88/88 MP: 12/12
  8509 | D:8      | Reached *** piety under Cheibriados
  8799 | D:8      | Reached skill level 11 in Axes
  9073 | D:9      | Found Xamewen's Gadget Shop.
  9113 | D:9      | Reached skill level 5 in Invocations
  9405 | D:9      | Found a huge runed translucent gate.
  9405 | D:9      | Found a huge runed translucent gate.
  9406 | D:9      | Found a huge runed translucent gate.
  9406 | D:9      | Noticed a manticore
  9407 | D:9      | Found a huge runed translucent gate.
  9569 | D:9      | Reached **** piety under Cheibriados
  9673 | D:9      | Found a sparkling altar of Nemelex Xobeh.
 10121 | D:10     | Entered Level 10 of the Dungeon
 10327 | D:10     | Noticed a two-headed ogre
 10332 | D:10     | Killed a two-headed ogre
 10332 | D:10     | Reached skill level 1 in Dodging
 10518 | D:10     | Reached skill level 12 in Axes
 10518 | D:10     | Reached XP level 11. HP: 97/97 MP: 14/14
 10643 | D:10     | Got an ancient hand axe
 10648 | D:10     | Identified the cursed +1 hand axe "Oriol" {holy, rPois rC-
                  | Int+4 Dex+3} (You found it on level 10 of the Dungeon)
 11783 | D:11     | Reached ***** piety under Cheibriados
 11796 | D:11     | Found a staircase to the Orcish Mines.
 11983 | D:11     | Noticed Nergalle
 11988 | D:11     | Noticed a spectral orc warlord
 12005 | D:11     | Killed Nergalle
 12322 | D:11     | Found a staircase to the Lair.
 12554 | D:11     | Noticed Snorg
 12567 | D:11     | Killed Snorg
 13078 | Orc:1    | Entered Level 1 of the Orcish Mines
 13078 | Orc:1    | Noticed a two-headed ogre
 13085 | Orc:1    | Killed a two-headed ogre
 13085 | Orc:1    | Reached skill level 10 in Fighting
 13346 | Orc:1    | Reached skill level 10 in Armour
 13346 | Orc:1    | Reached skill level 10 in Shields
 13350 | Orc:1    | Noticed an orc knight
 13352 | Orc:1    | Reached skill level 13 in Axes
 13362 | Orc:1    | Killed an orc knight
 13388 | Orc:1    | Found a bloodstained altar of Trog.
 13418 | Orc:1    | Reached ****** piety under Cheibriados
 13555 | Orc:2    | Entered Level 2 of the Orcish Mines
 13557 | Orc:2    | Noticed Josephine
 13572 | Orc:2    | Killed from afar by Josephine

Levels and vault maps discovered:
D:1:      minmay_arrival_nine_rooms, layout_basic
D:2:      minmay_wonky_spiral, layout_basic, first_ration, minmay_distorted
D:3:      layout_basic, kennysheep_generic_room_16, uniq_crazy_yiuf_cottage
D:4:      layout_cave_pods, tso_altar, okawaru_metal_pillars_3,
          nemelex_xobeh_ov_fountains_minmay, kennysheep_cross_bottleneck,
          uniq_natasha, uniq_menkaure, uniq_edmund
D:5:      layout_basic, minmay_temple_entry_trees, basic_altar,
          ebering_ghost_reflecting_pool, serial_shops, shop_statue
D:6:      layout_loops_ring, nicolae_dithmenos_shadow_blocks,
          kennysheep_mini_moat, hangedman_decor_points, fedhas_altar_3,
          uniq_blork_the_orc
D:7:      gammafunk_corrupted_shrine, layout_basic, uniq_duvessa
D:8:      kennysheep_seaside_town, layout_loops_ring, old_standard_altar,
          the_bakery, minivault_1
D:9:      lemuel_bear_cage, layout_loops_ring, serial_shops,
          nicolae_shop_crystal, nemelex_spade_bored_becter
D:10:     layout_stronghold, hive_lemuel
D:11:     layout_stronghold, due_lair_maze_entry_diamond,
          minmay_orc_entry_guard_dogs, hangedman_decor_slide_cut, uniq_snorg,
          uniq_nergalle
Temple:   eino_temple_rhombus
Orc:1:    layout_diamond_mine, trog_book
Orc:2:    st_orc_congregation, layout_caves, uniq_josephine, uniq_jorgrun

Skill      XL: |  1  2  3  4  5  6  7  8  9 10 11 |
---------------+----------------------------------+-----
Axes           | 3 4 5 6 7 9 10 12 13 | 13.2
Fighting       | 4 5 6 7 8 9 10 | 10.3
Shields        | 4 5 6 8 9 10 | 10.2
Armour         | 4 5 6 7 8 9 10 | 10.2
Invocations    | 2 4 5 6 |  6.9
Dodging        | 2 4 |  4.4

Action                   |  1- 3 |  4- 6 |  7- 9 | 10-12 || total
-------------------------+-------+-------+-------+-------++-------
Melee: War axe           |    84 |   105 |   282 |   362 ||   833
       Headbutt          |     8 |    17 |    84 |   130 ||   239
       Hand axe          |       |       |       |    15 ||    15
Invok: Slouch            |       |       |       |     3 ||     3
  Use: Potion            |       |     3 |       |       ||     3
       Scroll            |       |       |       |    17 ||    17
  Eat: Chunk             |     2 |     4 |    13 |    10 ||    29
       Ration            |       |     1 |       |       ||     1
Armor: Scale mail        |    57 |    23 |    90 |    17 ||   187
       Plate armour      |       |       |       |   100 ||   100
Dodge: Dodged            |    35 |    34 |    72 |    86 ||   227
Block: Shield            |    57 |    55 |   176 |   299 ||   587
       Reflection        |       |       |    12 |     9 ||    21
